 Dungeon Crawl Stone Soup version 0.29-a0-356-g7bc237e783 (webtiles) character file.

Game seed: 6318272254654717773

4 spaghetti the Caller (level 1, 11/11 HPs)
             Began as an Octopode Summoner on Apr 25, 2022.
             Quit the game on level 1 of the Dungeon.
             The game lasted 00:00:14 (86 turns).

spaghetti the Caller (Octopode Summoner)              Turns: 86, Time: 00:00:15

Health: 11/11      AC:  1    Str:  7    XL:     1   Next: 60%
Magic:  3/3        EV: 13    Int: 17    God:
Gold:   0          SH:  0    Dex: 12    Spells: 3/4 levels left

rFire   . . .      SeeInvis .   (no weapon)
rCold   . . .      Faith    .   (no shield)
rNeg    . . .      Spirit   .   (helmet restricted)
rPois   .          Reflect  .   (no amulet)
rElec   .          Harm     .   (no ring)
rCorr   .          Rampage  .   (no ring)
Will    .....                   (no ring)
Stlth   +++.......              (no ring)
HPRegen 0.03/turn               (no ring)
MPRegen 0.08/turn               (no ring)
                                (no ring)
                                (no ring)

@: no status effects
A: almost no armour, amphibious, 8 rings, camouflage 1, gelatinous body 1,
(nimble swimmer 1), tentacles
a: no special abilities


You were on level 1 of the Dungeon.
You visited 1 branch of the dungeon, and saw 1 of its levels.


Innate Abilities, Weirdness & Mutations

You cannot wear most types of armour.
You are amphibious.
You can wear up to eight rings at the same time.
Your skin changes colour to match your surroundings (Stealth+).
Your rubbery body absorbs attacks. (AC +1, EV +1)
((You are camouflaged when in or above water. (Stealth+)))
You have tentacles for arms and can constrict up to eight enemies at once.


   Skills:
 - Level 2.0 Dodging
 - Level 2.6 Stealth
 - Level 2.0 Spellcasting
 + Level 4.2 Summonings


You had 3 spell levels left.
You knew the following spells:

 Your Spells              Type           Power      Damage    Failure   Level
a - Summon Small Mammal   Summ           64%        N/A       3%          1

Your spell library contained the following spells:

 Spells                   Type           Power      Damage    Failure   Level
 Call Imp                 Summ           16%        N/A       5%          2
 Call Canine Familiar     Summ           16%        N/A       11%         3
 Summon Guardian Golem    Hex/Summ       8%         N/A       24%         3
 Summon Lightning Spire   Summ/Air       8%         N/A       63%         4

Inventory:

Hand Weapons
 c - a +0 dagger {short}
   (You found it on level 1 of the Dungeon)
 d - a +0 dagger {short}
   (You found it on level 1 of the Dungeon)
 f - a +0 dagger {short}
   (You took it off a goblin on level 1 of the Dungeon)
Scrolls
 b - a scroll of identify {unknown}
Potions
 a - a potion of magic
 e - 2 potions of mutation {unknown}

Dungeon Overview and Level Annotations

Branches:
Dungeon (1/15)

Altars:

#....#.#. ...#
#........ ....
##....... ..$..
##.....# .....
#.....# ......
#####..
..J...### ##.
........# ##. ..
#@### #..
...#...## ##.#
........#..#
#..#
#..####....#####
##.##
####.....###
#..#
###..†..###.##
###...†...#
######.## #...


You could see an endoplasm (asleep).


Message History

Found a staircase leading out of the dungeon.
b - a scroll labelled ERAYWK OZUTOA
c - a +0 dagger {short}
d - a +0 dagger {short} Key pressed, stopping explore.
e - 2 viscous black potions A dart slug comes into view.
Casting: Summon Small Mammal (safe; 3% risk of failure)
Confirm with . or Enter, or press ? or * to list all spells.
😎 MP[-1]
You lost 1 mp, and now have 2/3 mp.
Casting: Summon Small Mammal (safe; 3% risk of failure)
Confirm with . or Enter, or press ? or * to list all spells.
😎 MP[-1]
You lost 1 mp, and now have 1/3 mp.
What are your orders? t - Shout!
Orders for allies: a - Attack new target. r - Retreat! s - Stop attacking. g - Guard the area. f - Follow me.
Anything else - Cancel.
Gang up on whom?
Press: ? - help, Dir - move target, f - dart slug
Aim: a dart slug (asleep, ally target) Attack!
Your quokka completely misses the dart slug.
Your quokka bites the dart slug.
Your quokka bites the dart slug.
A goblin comes into view. It is wielding a +0 dagger.
Your quokka bites the dart slug.
The dart slug launches a dart at you. The slug dart hits your quokka.
Your quokka bites the dart slug. x2
Your quokka bites the dart slug.
The dart slug dies!
Your quokka misses the goblin.
The goblin hits your quokka but does no damage.
Your quokka barely misses the goblin.
Your quokka misses the goblin. x2
The goblin hits your quokka with a +0 dagger.
Your quokka dies!
Your quokka's corpse disappears in a puff of smoke!
Your quokka barely misses the goblin.
Your quokka closely misses the goblin.
Your quokka barely misses the goblin. 😎 MP[+1]
A goblin is nearby!
A goblin is nearby!
A goblin is nearby!
A goblin is nearby!
A goblin is nearby!
A goblin is nearby!
A goblin is nearby!
Your quokka barely misses the goblin.
The goblin barely misses you.
Really attack while wielding nothing? [Y]es or [N]o only, please.
Really attack while wielding nothing? [Y]es or [N]o only, please.
Really attack while wielding nothing? [Y]es or [N]o only, please.
Really attack while wielding nothing? [Y]es or [N]o only, please.
Really attack while wielding nothing? [Y]es or [N]o only, please.
Really attack while wielding nothing? [Y]es or [N]o only, please.
Really attack while wielding nothing? [Y]es or [N]o only, please.
Really attack while wielding nothing? [Y]es or [N]o only, please.
Really attack while wielding nothing? [Y]es or [N]o only, please.
Really attack while wielding nothing? [Y]es or [N]o only, please.
Really attack while wielding nothing? [Y]es or [N]o only, please.
Really attack while wielding nothing? [Y]es or [N]o only, please.
Really attack while wielding nothing? [Y]es or [N]o only, please.
Really attack while wielding nothing? [Y]es or [N]o only, please.
Really attack while wielding nothing? [Y]es or [N]o only, please.
Really attack while wielding nothing? [Y]es or [N]o only, please.
Really attack while wielding nothing?
You tentacle-slap the goblin but do no damage.
You grab the goblin. You squeeze the goblin.
You kill the goblin!
You swap places.
f - a +0 dagger {short} You see here a goblin corpse. 😎 MP[+1]
Your mp is fully restored (3).
You see here a dart slug corpse.
Your quokka disappears in a puff of smoke!
An endoplasm comes into view.
An endoplasm is nearby!
An endoplasm is nearby!
Are you sure you want to abandon this character and quit the game? (Confirm with "yes".)

Action                   || total
-------------------------++-------
Melee: Unarmed           ||     1
       Constrict         ||     1
       Tentacles         ||     1
 Cast: Summon Small Mamm ||     2
Dodge: Dodged            ||     1

Levels and vault maps discovered:
D:1:      lightli_arrival_chessboard, layout_rooms,
          shapermc_ecumenical_altar_petra, minmay_heptomino_d4

Notes
Turn   | Place    | Note
-------+----------+-------------------------------------------
     0 | D:1      | spaghetti the Octopode Summoner began the quest for the
                  | Orb.
     0 | D:1      | Reached XP level 1. HP: 11/11 MP: 3/3
     0 | D:1      | magus.rc [v1.9.6]
    86 | D:1      | Quit the game

Vanquished Creatures
  A goblin (D:1)
1 creature vanquished.

Vanquished Creatures (collateral kills)
  A dart slug (D:1)
1 creature vanquished.

Grand Total: 2 creatures vanquished

Table legend:
 A = Non-vault XP
 B = Vault XP
 C = Vault XP percentage of total XP
 D = Non-vault monster count
 E = Vault monster count
 F = Vault count percentage of total count
                 A         B        C        D         E       F
            +---------+---------+-------+---------+---------+-------
      Total |       6 |       0 |   0.0 |       2 |       0 |   0.0
            +---------+---------+-------+---------+---------+-------
        D:1 |       6 |       0 |   0.0 |       2 |       0 |   0.0
            +---------+---------+-------+---------+---------+-------

Illustrated notes

Table legend:
 A = Kills in this place as a percentage of kills in entire the game.
 B = Kills by you in this place as a percentage of kills by you in the entire game.
 C = Kills by friends in this place as a percentage of kills by friends in the entire game.
 D = Other kills in this place as a percentage of other kills in the entire game.
 E = Experience gained in this place as a percentage of experience gained in the entire game.
 F = Experience gained in this place divided by the number of levels of this place that you have seen.
                   A       B       C       D       E      F
               +-------+-------+-------+-------+-------+----------------------
         Total | 100.0 | 100.0 | 100.0 |   N/A | 100.0 |   6.0
       Dungeon | 100.0 | 100.0 | 100.0 |   N/A | 100.0 |   6.0
               +-------+-------+-------+-------+-------+----------------------

Table legend: (Time is in decaauts)
 A = Elapsed time spent in this place.
 B = Non-inter-level travel time spent in this place.
 C = Inter-level travel time spent in this place.
 D = Time resting spent in this place.
 E = Time spent auto-exploring this place.
 F = Levels seen in this place.
 G = Mean time per level.
                   A        B        C        D        E       F      G
               +--------+--------+--------+--------+--------+-----+--------+
         Total |     86 |     86 |      0 |      0 |     63 |   1 |   86.0 |
       Dungeon |     86 |     86 |      0 |      0 |     63 |   1 |   86.0 |
               +--------+--------+--------+--------+--------+-----+--------+

Top non-repeatable levels by time:
     D:1: 86 daAuts
